 Dungeon Crawl Stone Soup version 0.26-a0-1129-gc5df7fbe6a (webtiles) character file.

Game seed: 16842504674467151261

94 Dracia the Ducker (level 4, -5/33 HPs)
             Began as a Demonspawn Gladiator on Dec 18, 2020.
             Slain by Grinder (8 damage)
             ... on level 3 of the Dungeon.
             The game lasted 00:03:03 (3069 turns).

Dracia the Ducker (Demonspawn Gladiator)            Turns: 3069, Time: 00:03:03

Health: -5/33      AC:  6    Str: 15    XL:     4   Next: 38%
Magic:  4/4        EV: 13    Int: 10    God:
Gold:   157        SH:  0    Dex: 14    Spells: 3/3 levels left

rFire    . . .     SeeInvis .   j - +0 spear
rCold    . . .     Faith    .   (no shield)
rNeg     . . .     Spirit   .   b - +0 leather armour
rPois    +         Reflect  .   (helmet restricted)
rElec    .         Harm     .   (no cloak)
rCorr    .         Rampage  .   l - +0 pair of gloves
Will     .....                  (no boots)
Stlth    ++........             (no amulet)
HPRegen  0.11/turn              P - ring of poison resistance
MPRegen  0.09/turn              Q - ring of stealth

@: brilliant
A: horns 1, yellow scales 1, demonic guardian 1
a: no special abilities


You were on level 3 of the Dungeon.
You visited 1 branch of the dungeon, and saw 3 of its levels.

You collected 157 gold pieces.


Innate Abilities, Weirdness & Mutations

You have a pair of small horns on your head.
You are partially covered in yellow scales. (AC +2)
A weak demonic guardian rushes to your aid.


   Skills:
 - Level 2.0 Fighting
 + Level 1.1(2.1) Polearms
 - Level 2.6(2.8) Staves
 - Level 1.7 Throwing
 + Level 2.2 Armour
 + Level 3.7 Dodging


You had 3 spell levels left.
You didn't know any spells.
Your spell library was empty.

Inventory:

Hand Weapons
 a - a +0 quarterstaff
 j - a +0 spear (weapon)
 p - a +0 flail
Missiles
 d - 3 throwing nets (quivered) {=f=f}
 e - 20 poisoned darts
Armour
 b - a +0 leather armour (worn)
 c - a +0 helmet
 l - a +0 pair of gloves (worn)
Jewellery
 P - a ring of poison resistance (left hand)
 Q - a ring of stealth (right hand)
Scrolls
 f - a scroll of enchant armour {unknown}
 h - 2 scrolls of remove curse {unknown}
 i - a scroll of magic mapping {unknown}
 k - a scroll of teleportation {unknown}
 m - 6 scrolls of identify {unknown}
 o - a scroll of fear {unknown}
Potions
 g - a potion of brilliance
 q - 2 potions of magic

Dungeon Overview and Level Annotations

Branches:
Dungeon (3/15)

Altars:
Qazlal

Annotations:
D:3 Grinder

.#..+.'..#.# +.+
.#..#.#..#.# #.#
.#'##.#+##.#+##.#
.................
.#'##.#'##.#+##.#
.#..#.#..#.#..#.#
.'..#.#).'.'..#.#
.####.####.####5####.#
...............5@....#
######################


You could see Grinder and a friendly iron imp (summoned).


Message History

Pain shoots through your body! Grinder hits you!
* * * LOW HITPOINT WARNING * * *
You writhe in agony.
* * * LOW HITPOINT WARNING * * *
Grinder says, "My boss said I was rubbish.
His entrails said otherwise."
Grinder hits you but does no damage.
You can move again.
Unknown command.
Unknown command.
You hit Grinder.
Grinder is moderately wounded.
Grinder closely misses you.
You hit Grinder.
Grinder is moderately wounded.
Grinder hits you!
* * * LOW HITPOINT WARNING * * *
Unknown command.
You feel better. Grinder hits you.
* * * LOW HITPOINT WARNING * * *
You writhe in agony.
* * * LOW HITPOINT WARNING * * *
Your iron imp misses Grinder.
Grinder closely misses you.
Reach: j) +0 spear
Press: ? - help, Dir - move target, f/p - Grinder
Aim: Grinder (moderately wounded)
You hit Grinder. Your headbutt misses Grinder.
Grinder is heavily wounded.
Grinder hits you!
You die...

Skill      XL: |  1  2  3 |
---------------+----------+-----
Dodging        | 3 |  3.7
Armour         | 1 2 |  2.2
Polearms       | 1 |  1.1
Fighting       | |  2.0
Staves         | |  2.6
Throwing       | |  1.7

Action                   |  1- 3 |  4- 6 || total
-------------------------+-------+-------++-------
Melee: Quarterstaff      |    83 |       ||    83
       Headbutt          |    17 |     5 ||    22
       Spear             |    63 |    32 ||    95
  Use: Potion            |       |     4 ||     4
 Stab: Sleeping          |       |     1 ||     1
Armor: Leather armour    |    33 |     6 ||    39
Dodge: Dodged            |    98 |    17 ||   115

Levels and vault maps discovered:
D:1:      onia_arrival_pentagram, layout_basic, minmay_distorted
D:2:      layout_basic, nicolae_overflow_hidden_temple
D:3:      minmay_door_path, layout_loops_ring, uniq_grinder

Notes
Turn   | Place    | Note
-------+----------+-------------------------------------------
     0 | D:1      | Dracia the Demonspawn Gladiator began the quest for the
                  | Orb.
     0 | D:1      | Reached XP level 1. HP: 16/16 MP: 1/1
   521 | D:1      | Reached skill level 3 in Dodging
   586 | D:1      | Reached skill level 1 in Armour
   586 | D:1      | Gained mutation: You have a pair of small horns on your
                  | head. [demonic ancestry]
   586 | D:1      | Reached XP level 2. HP: 19/22 MP: 2/2
  1055 | D:1      | Gained mutation: A weak demonic guardian rushes to your
                  | aid. [demonic ancestry]
  1055 | D:1      | Reached XP level 3. HP: 26/27 MP: 3/3
  2055 | D:2      | Found a stormy altar of Qazlal.
  2341 | D:3      | Reached skill level 2 in Armour
  2528 | D:3      | Reached skill level 1 in Polearms
  2528 | D:3      | Gained mutation: You are partially covered in yellow
                  | scales. (AC +2) [demonic ancestry]
  2528 | D:3      | Reached XP level 4. HP: 14/33 MP: 4/4
  3049 | D:3      | Noticed Grinder
  3058 | D:3      | Paralysed by Grinder for 6 turns
  3065 | D:3      | HP: 2/33 [Grinder (8)]
  3069 | D:3      | Slain by Grinder

Vanquished Creatures
  An ooze (D:1)
  2 worms
  2 leopard geckos
  2 orcs (D:3)
  A ball python (D:2)
  2 giant cockroaches (D:1)
  4 hobgoblins
  8 jackals
  6 bats
  2 frilled lizards
  4 goblins (D:1)
  8 kobolds
  8 rats
50 creatures vanquished.

Vanquished Creatures (collateral kills)
  An orc priest (D:3)
  3 orcs (D:3)
  A rat (D:3)
5 creatures vanquished.

Grand Total: 55 creatures vanquished

Table legend: (Time is in decaauts)
 A = Elapsed time spent in this place.
 B = Non-inter-level travel time spent in this place.
 C = Inter-level travel time spent in this place.
 D = Time resting spent in this place.
 E = Time spent auto-exploring this place.
 F = Levels seen in this place.
 G = Mean time per level.
                   A        B        C        D        E       F      G
               +--------+--------+--------+--------+--------+-----+--------+
         Total |   3086 |   2843 |    243 |    580 |   1888 |   3 | 1028.7 |
       Dungeon |   3086 |   2843 |    243 |    580 |   1888 |   3 | 1028.7 |
               +--------+--------+--------+--------+--------+-----+--------+

Top non-repeatable levels by time:
     D:1: 1694 daAuts
     D:2: 796 daAuts
     D:3: 594 daAuts

Table legend:
 A = Non-vault XP
 B = Vault XP
 C = Vault XP percentage of total XP
 D = Non-vault monster count
 E = Vault monster count
 F = Vault count percentage of total count
                 A         B        C        D         E       F
            +---------+---------+-------+---------+---------+-------
      Total |     122 |      13 |   9.6 |      51 |       4 |   7.3
            +---------+---------+-------+---------+---------+-------
        D:1 |      40 |      11 |  21.6 |      26 |       3 |  10.3
        D:2 |      18 |       0 |   0.0 |      10 |       0 |   0.0
        D:3 |      64 |       2 |   3.0 |      15 |       1 |   6.2
            +---------+---------+-------+---------+---------+-------
